 Dungeon Crawl Stone Soup version 0.22.1-1-ga44c0e56f4 (webtiles) character file.

209 Cykl0x the Shield-Bearer (level 5, -5/33 HPs)
             Began as a Gargoyle Fighter on Oct 28, 2018.
             Killed by divine providence
             ... invoked by an orc priest
              (14 damage)
             ... on level 3 of the Dungeon.
             The game lasted 00:11:11 (2394 turns).

Cykl0x the Shield-Bearer (Gargoyle Fighter)         Turns: 2394, Time: 00:11:12

Health: -5/33      AC: 13    Str: 20    XL:     5   Next: 87%
Magic:  5/5        EV:  7    Int:  8    God:
Gold:   40         SH: 11    Dex: 10    Spells: 4/4 levels left

rFire    . . .     SeeInvis .   a - +1 war axe
rCold    . . .     Gourm    .   c - +2 shield
rNeg     + . .     Faith    .   h - +0 chain mail
rPois    ∞         Spirit   .   (no helmet)
rElec    +         Reflect  .   (no cloak)
rCorr    .         Harm     .   (no gloves)
MR       .....                  (no boots)
Stlth    ..........             (no amulet)
HPRegen  0.11/turn              m - +2 ring of evasion
MPRegen  0.09/turn              (no ring)

@: no status effects
A: negative energy resistance 1, electricity resistance, unbreathing,
petrification resistance, rot immunity, AC +4
a: no special abilities


You were on level 3 of the Dungeon.
You were not hungry.

You visited 1 branch of the dungeon, and saw 3 of its levels.

You collected 40 gold pieces.

Inventory:

Hand Weapons
 a - a +1 war axe (weapon)
Missiles
 e - 140 stones
 k - 5 tomahawks (quivered)
Armour
 c - a +2 shield (worn)
 h - a +0 chain mail (worn)
Jewellery
 m - a +2 ring of evasion (left hand)
Scrolls
 j - a scroll of remove curse
 l - a scroll of fear
Potions
 d - 2 potions of might
 g - a potion of degeneration
 i - a potion of magic
 n - a potion of agility {unknown}
 o - 4 potions of curing {unknown}
 q - a potion of flight {unknown}
Comestibles
 b - a chunk of flesh
 f - 2 rations


   Skills:
 + Level 4.0 Fighting
 + Level 3.8 Axes
 + Level 0.2 Throwing
 + Level 3.8 Armour
 + Level 1.0 Dodging
 + Level 4.3 Shields


You had 4 spell levels left.
You didn't know any spells.
Your spell library was empty.

Dungeon Overview and Level Annotations

Branches:
Dungeon (3/15)

Altars:
Hepliaklqana
Yredelemnul
The Shining One


Innate Abilities, Weirdness & Mutations

You are resistant to torment.
Your stone body is resilient. (AC +4)
You are immune to poison.
You resist negative energy. (rN+)
You are resistant to electric shocks. (rElec)
You can survive without breathing.
You are immune to petrification.
You are immune to rotting.


Message History

The orc priest mumbles some strange prayers to Beogh against you.
You barely resist. You hit the orc priest.
The orc priest is almost dead.
The orc priest suddenly roars.
The orc priest hits you but does no damage.
The orc priest calls down the wrath of Beogh upon you.
Beogh smites you!
* * * LOW HITPOINT WARNING * * *
The orc priest invokes the aid of Beogh against you.
You barely resist. You hit the orc priest.
You kill the orc priest!
Your Fighting skill increases to level 4!
The quokka bites you but does no damage.
Okay, then.
You closely miss the quokka. You block the quokka's attack.
The orc priest calls down the wrath of Beogh upon you.
Beogh smites you!
You die...

..#*****#.# #.###.# .##,,,,,.?#
*#.#...# .#*,****### **,,#.###
*** ##*,* **,,##.# **.* #**,*
***,,*#..####..* *,,,*
*,,,*##.##.....* >,***
*,**##.%......#* ***
***,*##.....#####
*,,,*#...@###*********
***##.#.....##ro...#,,,,,**
####.........##*,gS.....,,,,,**
........,###.**,,o...<..,,,,,,*
####..##** #,**,,.......,,,,,,*
###..#* *,**,,.......,,,,,,*
#....# *,**,,.......,,,,,,*
÷<..#*******,*,,,.......,,,,,,*
÷..##*,,,,,,,,,,,,,,,,,,,,,,,,*


You could see an orc priest, an adder, an orc, a quokka and a goblin.

Vanquished Creatures
  An orc priest (D:3)
  A gnoll (D:1)
  4 adders
  4 worms
  5 dart slugs
  4 leopard geckos
  An orc (D:3)
  7 bats
  9 giant cockroaches
  10 goblins
  9 hobgoblins
  9 jackals
  6 quokkas
  A ball python (D:1)
  6 frilled lizards
  15 kobolds
  13 rats
105 creatures vanquished.

Notes
Turn   | Place    | Note
-------+----------+-------------------------------------------
     0 | D:1      | Cykl0x the Gargoyle Fighter began the quest for the Orb.
     0 | D:1      | Reached XP level 1. HP: 14/14 MP: 1/1
   113 | D:1      | Reached XP level 2. HP: 18/19 MP: 2/2
   334 | D:1      | Reached XP level 3. HP: 18/24 MP: 3/3
   873 | D:2      | Reached XP level 4. HP: 29/29 MP: 4/4
   918 | D:2      | Found a hazy altar of Hepliaklqana.
  1146 | D:2      | Found a glowing golden altar of the Shining One.
  1148 | D:2      | Noticed an angel
  1151 | D:2      | Found a basalt altar of Yredelemnul.
  1154 | D:2      | Noticed a profane servitor
  1957 | D:3      | Reached XP level 5. HP: 24/33 MP: 5/5
  2049 | D:3      | Reached skill level 1 in Dodging
  2394 | D:3      | Killed from afar by an orc priest

Skill      XL: |  1  2  3  4  5 |
---------------+----------------+-----
Axes           | 2 3 |  3.8
Shields        | 4 |  4.3
Dodging        | 1 |  1.0
Fighting       | 4 |  4.0
Throwing       | |  0.2
Armour         | |  3.8

Action                   |  1- 3 |  4- 6 || total
-------------------------+-------+-------++-------
Melee: War axe           |   157 |   200 ||   357
Throw: Tomahawk          |       |    10 ||    10
  Use: Scroll            |     2 |    11 ||    13
  Eat: Chunk             |       |     3 ||     3
       Ration            |       |     1 ||     1
Armor: Scale mail        |    84 |   131 ||   215
       Chain mail        |       |    14 ||    14
Dodge: Dodged            |    54 |    75 ||   129
Block: Shield            |    81 |   168 ||   249
